 Dungeon Crawl Stone Soup version 0.25-b1-41-g19641232cd (webtiles) character file.

Game seed: 13520625807975308865

50 xccam the Insei (level 3, -3/23 HPs)
             Began as an Octopode Transmuter on June 8, 2020.
             Slain by a worm (11 damage)
             ... on level 2 of the Dungeon.
             The game lasted 00:01:57 (1425 turns).

xccam the Insei (Octopode Transmuter)               Turns: 1425, Time: 00:01:57

Health: -3/23      AC:  1    Str: 10    XL:     3   Next: 79%
Magic:  5/6        EV: 13    Int: 15    God:
Gold:   41         SH:  0    Dex: 12    Spells: 5/6 levels left

rFire    . . .     SeeInvis .     - Unarmed
rCold    . . .     Gourm    .   (no shield)
rNeg     . . .     Faith    .   (helmet restricted)
rPois    .         Spirit   .   (no amulet)
rElec    .         Reflect  .   (no ring)
rCorr    .         Harm     .   (no ring)
MR       .....                  (no ring)
Stlth    ++........             (no ring)
HPRegen  0.07/turn              (no ring)
MPRegen  0.10/turn              (no ring)
                                (no ring)
                                (no ring)

@: appendage
A: almost no armour, stealthy swim, amphibious, 8 rings, constrict 8, tentacle
spike 3, camouflage 1, gelatinous body 1
a: End Transformation


You were on level 2 of the Dungeon.
You were not hungry.
One of your tentacles had a temporary spike.
You visited 1 branch of the dungeon, and saw 2 of its levels.

You collected 41 gold pieces.

Inventory:

Missiles
 a - 31 arrows
Scrolls
 b - a scroll of identify {unknown}
 e - a scroll of blinking {unknown}
 g - a scroll of teleportation {unknown}
 h - a scroll of remove curse {unknown}
 j - a scroll of noise {unknown}
Potions
 d - a potion of flight {unknown}
 i - a potion of degeneration {unknown}
Comestibles
 c - 5 rations
 f - 3 chunks of flesh


   Skills:
 - Level 1.0 Fighting
 - Level 2.0 Dodging
 + Level 4.6 Unarmed Combat
 - Level 2.0 Spellcasting
 - Level 2.0 Transmutations


You had 5 spell levels left.
You knew the following spells:

 Your Spells              Type           Power        Failure   Level  Hunger
a - Beastly Appendage     Tmut           #.....       10%         1    #......

Your spell library contained the following spells:

 Spells                   Type           Power        Failure   Level  Hunger
 Sticks to Snakes         Tmut           #.......     14%         2    ###....
 Spider Form              Tmut/Pois      #.........   41%         3    ###....
 Ice Form                 Ice/Tmut       #.......     82%         4    #####..
 Blade Hands              Tmut           #.........   95%         5    ######.


Dungeon Overview and Level Annotations

Branches:
Dungeon (2/15)

Altars:


Innate Abilities, Weirdness & Mutations

You cannot wear most types of armour.
You are very stealthy in the water. (Stealth+)
You are amphibious.
You can wear up to eight rings at the same time.
You can use your tentacles to constrict eight enemies at once.
Your skin changes colour to match your surroundings (Stealth+).
Your rubbery body absorbs attacks. (AC +1, EV +1)
One of your tentacles bears a large vicious spike.


Message History

You are too injured to fight recklessly!
You are too injured to fight recklessly!
You completely miss the worm.
The worm is almost dead.
You constrict the worm, but do no damage.
You tentacle-slap the worm.
You kill the worm!
The worm misses you.
You aren't carrying any items that you can evoke.
Casting: Beastly Appendage (safe; 10% risk of failure)
Confirm with . or Enter, or press ? or * to list all spells.
One of your tentacles grows a vicious spike.
You swing at nothing.
You tentacle-slap the worm. Your grab misses the worm.
You pierce the worm, but do no damage.
You tentacle-slap the worm.
The worm is lightly wounded.
You tentacle-slap the worm. You grab the worm.
The worm is heavily wounded.
You constrict the worm. The worm bites you!
You die...

.#..##.......#.....
...######.#####...####
..## #.....#...... ###
#.###.#!..?## #
##.##.#.†...# #
##.#.#..# ##. #
##...#.# ... # ##.##w#
#.. # #.##@# ..# #
#.##.# #.# #.##.# #>#
#.#..# #># #.#.## #<#
..#. #.### #. #...# #.
###.# #[#


You could see a worm.

Vanquished Creatures
  An adder (D:2)
  2 worms (D:2)
  2 dart slugs
  A leopard gecko (D:2)
  7 bats
  A hobgoblin (D:1)
  4 kobolds (D:1)
  A quokka (D:2)
  4 frilled lizards (D:1)
  5 goblins
  3 rats
31 creatures vanquished.

Notes
Turn   | Place    | Note
-------+----------+-------------------------------------------
     0 | D:1      | xccam the Octopode Transmuter began the quest for the Orb.
     0 | D:1      | Reached XP level 1. HP: 13/13 MP: 3/3
   310 | D:1      | Reached XP level 2. HP: 18/18 MP: 3/5
   830 | D:1      | Reached skill level 4 in Unarmed Combat
   935 | D:2      | Reached XP level 3. HP: 23/23 MP: 6/6
  1425 | D:2      | Slain by a worm

Illustrated notes

Levels and vault maps discovered:
D:1:      dpeg_arrival_simpleton_b, layout_basic, kennysheep_pointless_box
D:2:      layout_loops_ring, first_ration, chequers_serial_rivers_room_b,
          minmay_tetromino_t2

Skill      XL: |  1  2 |
---------------+-------+-----
Unarmed Combat | 4 |  4.6
Fighting       | |  1.0
Dodging        | |  2.0
Spellcasting   | |  2.0
Transmutations | |  2.0

Action                   || total
-------------------------++-------
Melee: Unarmed           ||    82
       Constrict         ||    24
       Tentacles         ||    16
       Kick              ||     4
       Punch             ||     1
 Cast: Beastly Appendage ||     5
 Stab: Sleeping          ||     5
  Eat: Chunk             ||     2
Armor: Skin              ||     9
Dodge: Dodged            ||    49
